AoeStats
← captain_shadow26

MegaRandom

509687923Analyzed
3v3 RM · 5d ago on Sep 27, 2026· 35m 0s· 6 players
Game mode
Random Map
Map size
Normal (6 player)
Population
200
Speed
Normal
Resources
Standard
Victory
Conquest
Starting age
Dark Age
Ending age
Imperial Age
RankedLock teamsTeams togetherTeam positionsShared explorationLock speedFull tech treeHidden civsTurbo modeCheats
Victory
Defeat
🇩🇪 Celts · Germany
971
+16
🇺🇸 Varangians · United States
966
+15
🇨🇦 Britons · Canada
966
+16
🇩🇪 Britons · Germany
966
-16
🇩🇪 Franks · Germany
961
-16
🇩🇪 Bohemians · Germany
955
-15
fcn2004
5:45 Loom
12:16 Feudal Age
15:18 Double-Bit Axe
22:50 Castle Age
27:15 Pikeman
31:57 Scale Mail Armor
32:07 Forging
Jiwisd
12:22 Feudal Age
12:49 Loom
21:54 Castle Age
19:52 Double-Bit Axe
19:51 Horse Collar
22:48 Wheelbarrow
26:55 Man-at-Arms
30:42 Long Swordsman
captain_shadow26
11:58 Feudal Age
10:47 Loom
12:36 Double-Bit Axe
16:00 Fishing Lines
22:21 Castle Age
21:26 Fletching
26:48 Medium Warships
26:37 Bodkin Arrow
28:05 Stone Mining
28:37 Gold Mining
Simon Majumdar
1:17 Loom
15:30 Feudal Age
16:10 Horse Collar
16:21 Double-Bit Axe
17:21 Wheelbarrow
21:34 Castle Age
25:29 Scale Barding Armor
25:34 Forging
25:42 Husbandry
27:54 Hand Cart
29:27 Chain Barding Armor
31:04 Iron Casting
yzainc
4:07 Loom
12:17 Feudal Age
14:16 Double-Bit Axe
17:23 Castle Age
15:45 Forging
16:23 Bloodlines
16:20 Horse Collar
17:28 Scale Barding Armor
18:27 Husbandry
20:37 Fletching
22:30 Heavy Plow
25:01 Iron Casting
29:24 Wheelbarrow
30:09 Scale Mail Armor
31:07 Chain Mail Armor
30:55 Squires
30:41 Gambesons
31:43 Fortified Wall
32:28 Arson
weinerthenry
0:53 Loom
12:39 Feudal Age
18:06 Castle Age
16:12 Double-Bit Axe
16:41 Horse Collar
18:15 Gold Mining
18:18 Stone Mining
19:08 Wheelbarrow
20:05 Bow Saw
19:57 Heavy Plow
22:48 Arson
26:41 Forging
27:54 Scale Mail Armor
29:14 Iron Casting
Connection lost

Rejoining the realm…

Still unreachable

The connection could not be restored.

Session expired

The server has moved on; the page needs a fresh start.